 Dungeon Crawl Stone Soup version 0.31-a0-1074-g0b22e4e0f1 (webtiles) character file.

Game seed: 13841797835175284100

417 bmb222 the Cutter (level 6, -1/47 HPs)
             Began as a Demonspawn Gladiator on Dec 4, 2023.
             Slain by an ogre
             ... wielding a +0 giant club
              (6 damage)
             ... on level 4 of the Dungeon.
             The game lasted 00:03:26 (3491 turns).

bmb222 the Cutter (Demonspawn Gladiator)            Turns: 3491, Time: 00:03:27

Health: -1/47      AC: 13    Str: 14    XL:     6   Next: 61%
Magic:  6/6        EV: 13    Int:  9    God:
Gold:   219        SH:  0    Dex: 17    Spells: 5/5 levels left

rFire   + . .        j - +0 dagger (venom)
rCold   . . .        (no shield)
rNeg    . . .        b - +0 leather armour
rPois   .            q - +1 hat {Will+}
rElec   .            (no cloak)
rCorr   .            (no gloves)
SInv    .            (no boots)
Will    +....        (no amulet)
Stlth   ++           p - ring of protection from fire
HPRegen 0.27/turn    (no ring)
MPRegen 0.10/turn

%: no passive effects
@: sanguine armoured
A: sanguine armour 2, demonic touch 1
a: no special abilities


You were on level 4 of the Dungeon.
You visited 1 branch of the dungeon, and saw 4 of its levels.

You collected 219 gold pieces.

Inventory:

Hand Weapons
 a - a +0 rapier
 j - a +0 dagger of venom (weapon)
Missiles
 e - 6 atropa-tipped darts
Armour
 b - a +0 leather armour (worn)
 c - a +0 helmet
 q - a +1 hat of willpower (worn)
 r - a +4 ring mail
Jewellery
 p - a ring of protection from fire (left hand)
Scrolls
 f - 3 scrolls of blinking {unknown}
 g - 3 scrolls of teleportation {unknown}
 i - 5 scrolls of identify {unknown}
 m - 3 scrolls of vulnerability {unknown}
 n - a scroll of fog {unknown}
 o - a scroll of summoning {unknown}
 s - a scroll of amnesia {unknown}
 t - a scroll of enchant armour {unknown}
 u - a scroll of brand weapon {unknown}
 w - a scroll of poison {unknown}
Potions
 h - 3 potions of curing {unknown}
 k - 2 potions of haste {unknown}
 l - 2 potions of enlightenment {unknown}
 v - a potion of might {unknown}


   Skills:
 + Level 3.1 Fighting
 + Level 4.5 Short Blades
 + Level 2.0 Throwing
 + Level 2.3 Armour
 - Level 3.2 Dodging
 * Level 3.1 Stealth


You had 5 spell levels left.
You didn't know any spells.
Your spell library contained the following spells:

 Spells                   Type           Power      Damage    Failure   Level
 Summon Small Mammal      Summ           0%         N/A       45%         1
 Blink                    Tloc           0%         N/A       58%         2
 Call Canine Familiar     Summ           0%         N/A       83%         3
 Summon Guardian Golem    Hex/Summ       0%         N/A       83%         3
 Manifold Assault         Tloc           0%         N/A       99%         4


Dungeon Overview and Level Annotations

Branches:
Dungeon (4/15)
 Temple: D:4-7

Altars:
Sif Muna


Innate Abilities, Weirdness & Mutations

When seriously injured, your blood forms thick armour. (AC +9)
Your touch may inflict minor irresistible damage on your foes.


Message History

The ogre hits you with a +0 giant club!
You barely miss the ogre.
The ogre is heavily wounded.
You hit the ogre.
The ogre is heavily wounded.
The ogre hits you with a +0 giant club!!
Ouch! That really hurt!
* * * LOW HITPOINT WARNING * * *
Your blood congeals into armour.
You are too injured to fight recklessly!
You are too injured to fight recklessly!
You are too injured to fight recklessly!
You are too injured to fight recklessly!
You are too injured to fight recklessly!
You are too injured to fight recklessly!
You are too injured to fight recklessly!
You are too injured to fight recklessly!
You are too injured to fight recklessly!
You are too injured to fight recklessly!
You are too injured to fight recklessly!
You are too injured to fight recklessly!
You are too injured to fight recklessly!
You are too injured to fight recklessly!
You are too injured to fight recklessly!
You are too injured to fight recklessly!
You are too injured to fight recklessly!
The ogre attacks as it pursues you! The ogre barely misses you.
Throw: 2 throwing nets
Press: ? - help, Q - select action, (/) - cycle Shift-Dir - straight line, f - ogre
Aim: an ogre, wielding a +0 giant club (heavily wounded, very poisoned, 74% to hit)
You throw a throwing net.
The throwing net barely misses the ogre.
The ogre attacks as it pursues you! The ogre barely misses you.
Throw: throwing net
Press: ? - help, Q - select action, (/) - cycle Shift-Dir - straight line, f/p - ogre
Aim: an ogre, wielding a +0 giant club (severely wounded, poisoned, 74% to hit)
You throw a throwing net.
The throwing net barely misses the ogre.
The ogre hits you with a +0 giant club.
You die...

........# ....(...#
........# ........#
........#############
########............#
#............#
#..O)........#
#...@........#####
+.......>).......#
#........†...###.#
########'##### #.#
#.#######.#
#......<#.#
#.#######.#
#.#######.#
#.##......#


You could see an ogre (poisoned).

Vanquished Creatures
  Grinder (D:3)
  Jessica (D:3)
  Terence (D:3)
  4 gnolls
  5 adders
  2 dart slugs
  6 orcs (D:3)
  7 ball pythons
  5 endoplasms
  4 giant cockroaches
  5 goblins
  6 hobgoblins
  4 jackals
  7 kobolds
  2 quokkas
  8 bats
  3 frilled lizards
  5 rats
76 creatures vanquished.

Notes
Turn   | Place    | Note
-------+----------+-------------------------------------------
     0 | D:1      | bmb222 the Demonspawn Gladiator began the quest for the
                  | Orb.
     0 | D:1      | Reached XP level 1. HP: 16/16 MP: 1/1
   252 | D:1      | Reached skill level 3 in Short Blades
   330 | D:1      | Gained mutation: Your touch may inflict minor irresistible
                  | damage on your foes. [demonic ancestry]
   330 | D:1      | Reached XP level 2. HP: 22/22 MP: 2/2
   603 | D:1      | Reached XP level 3. HP: 21/27 MP: 3/3
   950 | D:2      | Reached skill level 1 in Stealth
   950 | D:2      | Gained mutation: When seriously injured, your blood forms
                  | armour. (AC +9) [demonic ancestry]
   950 | D:2      | Reached XP level 4. HP: 24/34 MP: 4/4
  1786 | D:3      | Reached skill level 4 in Short Blades
  1786 | D:3      | Reached XP level 5. HP: 31/39 MP: 5/5
  2106 | D:3      | Noticed Grinder
  2218 | D:3      | Noticed Terence
  2224 | D:3      | Killed Terence
  2225 | D:3      | Reached skill level 1 in Armour
  2470 | D:3      | Noticed Jessica
  2523 | D:3      | Killed Grinder
  2524 | D:3      | Gained mutation: When seriously injured, your blood forms
                  | thick armour. (AC +9) [demonic ancestry]
  2524 | D:3      | Reached XP level 6. HP: 11/47 MP: 6/6
  3019 | D:3      | Killed Jessica
  3022 | D:3      | Found a shimmering blue altar of Sif Muna.
  3491 | D:4      | Slain by an ogre

Illustrated notes

Levels and vault maps discovered:
D:1:      psy_arrival_dodecagon, layout_loops_ring, st_stairs_3
D:2:      layout_loops_corners, basic_altar, dk_noncrumbling_2
D:3:      layout_loops_cross, tgw_sif, lemuel_crystal_altar, uniq_terence,
          uniq_grinder
D:4:      layout_basic, columned_hall_lemuel

Skill      XL: |  1  2  3  4  5  6 |
---------------+-------------------+-----
Short Blades   | 3 4 |  4.5
Dodging        | 3 |  3.2
Throwing       | 2 |  2.0
Stealth        | 1 2 3 |  3.1
Armour         | 2 |  2.3
Fighting       | 3 |  3.1

Action                     |  1- 3 |  4- 6 || total
---------------------------+-------+-------++-------
  Melee: Rapier            |    39 |       ||    39
         Dagger            |    40 |   139 ||   179
         Touch             |    14 |    22 ||    36
         Punch             |     1 |     1 ||     2
  Throw: Javelin           |       |     1 ||     1
         Throwing net      |       |     3 ||     3
   Stab: Sleeping          |     3 |     4 ||     7
 Armour: Leather armour    |    33 |    54 ||    87
  Dodge: Dodged            |    41 |    62 ||   103

Table legend: (Time is in decaauts)
 A = Elapsed time spent in this place.
 B = Non-inter-level travel time spent in this place.
 C = Inter-level travel time spent in this place.
 D = Time resting spent in this place.
 E = Time spent auto-exploring this place.
 F = Levels seen in this place.
 G = Mean time per level.
                   A        B        C        D        E       F      G
               +--------+--------+--------+--------+--------+-----+--------+
         Total |   3460 |   3045 |    415 |    210 |   2341 |   4 |  865.0 |
       Dungeon |   3460 |   3045 |    415 |    210 |   2341 |   4 |  865.0 |
               +--------+--------+--------+--------+--------+-----+--------+

Top non-repeatable levels by time:
     D:2: 1159 daAuts
     D:3: 1119 daAuts
     D:1: 779 daAuts
     D:4: 402 daAuts
